AoeStats
← owengold23

Arabia

508763457Analyzed
1v1 RM · 9d ago on Sep 23, 2026· 35m 45s· 2 players
Game mode
Random Map
Map size
Tiny (2 player)
Population
200
Speed
Normal
Resources
Standard
Victory
Conquest
Starting age
Dark Age
Ending age
Imperial Age
RankedLock teamsTeams togetherTeam positionsShared explorationLock speedFull tech treeHidden civsTurbo modeCheats
Victory
Defeat
🇺🇸 Burmese · United States
1655
+18
🇦🇺 Hindustanis · Australia
1703
-18
Guryamp
6:46 Loom
8:57 Feudal Age
9:03 Man-at-Arms
13:22 Fletching
14:33 Padded Archer Armor
15:33 Horse Collar
22:59 Castle Age
23:04 Elite Skirmisher
23:39 Bodkin Arrow
25:32 Wheelbarrow
26:49 Husbandry
27:12 Town Watch
29:17 Fervor
30:34 Redemption
30:09 Pikeman
31:55 Sanctity
35:27 Imperial Age
33:01 Squires
33:27 Scale Mail Armor
35:48 Ballistics
owengold23
6:02 Loom
8:42 Feudal Age
12:48 Fletching
16:29 Padded Archer Armor
22:46 Castle Age
21:00 Double-Bit Axe
21:48 Gold Mining
22:39 Scale Barding Armor
22:19 Horse Collar
23:26 Bloodlines
23:58 Bow Saw
23:52 Bodkin Arrow
23:33 Elite Skirmisher
26:05 Chain Barding Armor
29:40 Gold Shaft Mining
29:56 Heavy Plow
30:40 Town Watch
Connection lost

Rejoining the realm…

Still unreachable

The connection could not be restored.

Session expired

The server has moved on; the page needs a fresh start.